Map: Kairos Junction LE

Players

Kelazhur

  • Race: Terran Terran
  • Spawn Location: 11:00

GunGFuBanDa - Winner!

  • Race: Protoss Protoss
  • Spawn Location: 5:00

Event: 2019 WCS Summer

VOD

Have the link to the VOD?

Description

Time

  • Played on: July 12, 2019, 2:01 p.m.
  • Length: 12:00

All games in this series

Show
View Real Time Build Order
Export as new Build Order

Kelazhur Terran 

Build Orders: Reaper Expand 

Get SALT Encoding   

  12  0:00  SCV  
  13  0:13  SCV  
  14  0:17  Supply Depot  
  14  0:25  SCV  
  15  0:39  SCV  
  15  0:40  Barracks  
  16  0:43  Refinery  
  16  0:51  SCV  
  17  1:03  SCV  
  18  1:15  SCV  
  19  1:27  Orbital Command, Reaper  
  20  1:41  Command Center  
  20  1:51  Supply Depot  
  20  1:53  SCV  
  21  1:59  Marine  
  22  2:05  SCV  
  23  2:09  Factory  
  23  2:16  Refinery  
  23  2:17  SCV  
  23  2:21  Barracks Reactor  
  24  2:29  SCV  
  25  2:41  SCV  
  26  2:53  Starport, SCV  
  26  2:55  Orbital Command, Factory Tech Lab  
  26  2:57  Marine x2  
  30  3:05  SCV  
  30  3:16  Marine x2  
  30  3:18  Siege Tank  
  30  3:19  SCV  
  36  3:22  Barracks  
  36  3:28  SCV  
  36  3:31  SCV  
  36  3:32  Viking  
  40  3:36  Supply Depot  
  40  3:38  Marine  
  40  3:40  SCV  
  42  3:43  SCV  
  43  3:48  Marine  
  43  3:52  SCV  
  45  3:56  SCV  
  45  3:58  Siege Tank, Supply Depot  
  45  4:00  Marine  
  50  4:04  SCV  
  50  4:07  Marine  
  50  4:08  SCV  
  53  4:13  Supply Depot  
  53  4:16  SCV  
  54  4:20  Marine, SCV, Medivac  
  58  4:26  Barracks Tech Lab  
  58  4:27  Marine  
  58  4:29  Refinery, SCV  
  59  4:32  SCV  
  60  4:41  SCV  
  60  4:45  Barracks, SCV  
  62  4:47  Marine x2  
  62  4:48  Siege Tank  
  67  4:53  SCV  
  67  4:57  SCV  
  69  5:01  Marine  
  69  5:02  Stimpack  
  69  5:05  Refinery  
  70  5:07  SCV  
  70  5:09  Engineering Bay  
  65  5:19  SCV  
  65  5:20  SCV  
  63  5:26  Marine x2  
  63  5:27  Marine  
  64  5:28  Siege Tank  
  64  5:31  SCV  
  64  5:33  SCV  
  64  5:35  Terran Infantry Weapons Level 1  
  61  5:38  Barracks Tech Lab  
  61  5:42  Starport Reactor  
  60  5:43  SCV  
  60  5:44  Barracks x2  
  60  5:46  Marine x3  
  59  5:59  SCV  
  59  6:01  Marauder  
  59  6:04  Marine x2  
  59  6:09  SCV  
  59  6:11  Marauder  
  59  6:12  SCV  
  63  6:18  Siege Tank  
  63  6:21  SCV  
  63  6:24  Marine x2, SCV  
  67  6:27  Supply Depot  
  67  6:28  Marauder  
  67  6:29  Combat Shield  
  67  6:31  Marine  
  70  6:34  Supply Depot  
  70  6:42  Supply Depot  
  70  6:49  Marauder, Marine x4, Medivac  
  70  6:50  Supply Depot  
  78  6:56  Marauder, Medivac  
  82  7:05  Supply Depot  
  82  7:06  Marine x2  
  82  7:07  Siege Tank  
  87  7:10  Marine x2, Supply Depot  
  87  7:11  Marauder  
  91  7:15  Concussive Shells  
  91  7:19  Marauder  
  93  7:24  Marine x2  
  93  7:28  Marine x2, Medivac x2  
  101  7:31  Marine  
  102  7:39  Command Center  
  102  7:42  Marine, Marauder  
  105  7:45  Terran Infantry Armor Level 1  
  105  7:53  Supply Depot  
  105  7:56  Marauder, Marine x2  
  107  7:58  Marine  
  107  8:01  Marine  
  109  8:10  Marauder  
  108  8:13  Marine  
  108  8:14  Marine  
  108  8:16  Marine  
  101  8:21  Marauder, Marine  
  100  8:31  Marine  
  100  8:32  Marauder, Medivac x2  
  107  8:34  Siege Tank, Marine  
  107  8:35  Barracks Tech Lab  
  107  8:37  SCV  
  107  8:39  SCV  
  113  8:44  Armory  
  113  8:45  Supply Depot  
  113  8:49  Marauder, SCV  
  113  8:52  Orbital Command  
  113  8:54  SCV  
  117  9:02  Marine x2  
  119  9:03  Marauder, SCV  
  119  9:06  SCV  
  119  9:09  Marauder  
  125  9:11  Siege Tank  
  125  9:15  Refinery, SCV  
  129  9:22  Marauder  
  131  9:25  SCV  
  131  9:27  SCV x2  
  131  9:30  Marauder x2, Barracks Reactor  
  137  9:37  SCV, Factory  
  138  9:39  Terran Infantry Weapons Level 2  
  138  9:41  SCV x2  
  140  9:47  Supply Depot  
  140  9:48  Marine  
  140  9:50  Siege Tank  
  140  9:52  Supply Depot  
  144  9:57  Marauder  
  142  10:01  Marauder  
  142  10:04  Marine, Marauder  
  142  10:05  SCV x2  
  149  10:08  Marine, SCV  
  149  10:09  Refinery, Supply Depot  
  149  10:13  Supply Depot  
  151  10:18  Liberator x2  
  151  10:22  Marine  
  151  10:23  Marauder  
  151  10:28  Marauder  
  156  10:29  Marine  
  156  10:34  Marauder, Marine x2  
  156  10:35  Siege Tank  
  154  10:40  Marine  
  140  10:44  Marine  
  140  10:47  Factory Tech Lab, Marine  
  140  10:49  Marauder  
  139  10:52  Marine  
  138  10:57  Marauder, Marine  
  138  10:58  Marine  
  138  11:04  Marauder  
  144  11:05  Marine  
  144  11:07  Siege Tank  
  148  11:16  Siege Tank  
  132  11:19  Command Center  
  132  11:22  Marine  
  132  11:23  Marauder  
  134  11:26  Supply Depot  
  132  11:36  Marauder  
  132  11:37  Marine  
Show
View Real Time Build Order
Export as new Build Order

GunGFuBanDa Protoss - Winner!

Build Orders: 1 Gate Expand, Colossus Rush 

Get SALT Encoding   

  12  0:00  Probe  
  13  0:12  Probe  
  14  0:17  Pylon  
  14  0:24  Probe  
  15  0:32  Probe  
  15  0:38  Gateway  
  15  0:40  Probe  
  16  0:46  Assimilator  
  17  0:52  Probe  
  18  1:04  Probe  
  19  1:16  Probe  
  20  1:22  Nexus  
  20  1:32  Cybernetics Core  
  20  1:36  Probe  
  21  1:40  Assimilator  
  21  1:48  Probe  
  21  1:51  Pylon  
  22  1:59  Adept  
  22  2:00  Probe  
  23  2:09  Warp Gate  
  23  2:12  Probe  
  26  2:24  Probe  
  26  2:28  Stalker  
  28  2:33  Probe  
  28  2:35  Probe  
  29  2:39  Robotics Facility  
  29  2:41  Probe  
  29  2:43  Probe  
  29  2:51  Probe x2  
  33  3:00  Stalker  
  33  3:01  Probe  
  33  3:03  Probe  
  37  3:09  Probe  
  37  3:15  Probe, Pylon  
  37  3:17  Probe  
  40  3:27  Probe  
  40  3:28  Observer, Probe  
  40  3:33  Gateway  
  43  3:37  Probe, Gateway  
  43  3:39  Probe  
  45  3:45  Probe  
  45  3:50  Assimilator  
  45  3:51  Observer, Probe  
  45  3:52  Assimilator  
  45  3:54  Probe  
  48  3:57  Sentry  
  51  4:03  Probe, Pylon  
  51  4:05  Robotics Bay  
  51  4:06  Probe  
  53  4:15  Probe  
  54  4:20  Pylon  
  54  4:21  Probe  
  55  4:26  Sentry  
  55  4:27  Probe  
  58  4:31  Zealot x2  
  58  4:36  Forge  
  62  4:43  Observer  
  62  4:47  Shield Battery  
  62  4:52  Stalker x3  
  67  5:00  Pylon  
  67  5:03  Colossus  
  67  5:06  Observer  
  69  5:14  Probe  
  69  5:18  Probe  
  71  5:22  Stalker x3  
  77  5:34  Protoss Ground Weapons Level 1  
  77  5:36  Nexus  
  77  5:37  Pylon  
  77  5:40  Probe  
  78  5:46  Probe  
  77  5:52  Probe  
  77  5:54  Probe, Pylon  
  77  5:56  Pylon  
  76  5:57  Pylon  
  76  5:59  Extended Thermal Lance  
  76  6:04  Probe, Colossus  
  75  6:07  Probe  
  77  6:11  Sentry, Zealot  
  77  6:15  Twilight Council  
  81  6:18  Probe  
  81  6:22  Probe  
  83  6:28  Sentry  
  83  6:29  Pylon  
  85  6:36  Gateway x2  
  85  6:37  Gateway  
  84  6:44  Charge  
  84  6:53  Observer  
  84  6:54  Probe  
  84  6:55  Probe  
  84  6:56  Probe, Pylon  
  88  7:06  Probe, Pylon  
  88  7:08  Probe x2  
  91  7:14  Zealot x3, Pylon  
  91  7:15  Colossus  
  97  7:22  Templar Archives  
  103  7:25  Gateway  
  103  7:27  Gateway  
  103  7:31  Protoss Ground Armor Level 1  
  103  7:34  Pylon  
  103  7:45  Zealot x6  
  115  7:57  Colossus  
  115  8:04  Pylon  
  115  8:05  Zealot x3  
  115  8:06  Stalker x2, Zealot  
  123  8:20  Pylon x2  
  123  8:21  Blink  
  123  8:32  Zealot x6  
  135  8:42  Warp Prism  
  135  8:45  Stalker x2  
  139  8:51  Assimilator  
  139  8:52  Assimilator  
  140  9:02  High Templar x2  
  140  9:03  Zealot x2, High Templar x2  
  140  9:07  Forge, Archon x2  
  152  9:18  Pylon  
  152  9:22  Dark Shrine  
  152  9:24  Protoss Ground Armor Level 2  
  152  9:26  Stalker x3  
  152  9:27  Stalker  
  156  9:51  Zealot x7  
  156  9:52  Warp Prism  
  171  10:13  Photon Cannon  
  171  10:15  Shield Battery  
  171  10:17  Pylon  
  169  10:23  Zealot x2  
  173  10:34  Zealot x3  
  169  10:39  Zealot x3, Nexus  
  169  10:41  Pylon  
  155  10:51  Immortal  
  155  10:53  Zealot x5  
  155  10:54  Dark Templar x2  
  155  10:55  Zealot  
  169  11:02  Probe x2  
  174  11:15  Dark Templar  
  174  11:16  Stalker x2  
  180  11:27  Pylon  
  180  11:32  Pylon  
  180  11:33  Pylon  
  180  11:35  Zealot  
  180  11:38  Zealot  
  177  11:40  Stalker x2  
  180  11:54  Zealot x4  
Tags
 
Add a new tag
Caveats
  • Supply blocks, unpowered buildings, or Contaminate may cause inaccurate times.
  • Supply counts are checked every 10 seconds.